 Dungeon Crawl Stone Soup version 0.31-a0-182-gc5ef74bbde (webtiles) character file.

Game seed: 15866587197065479963

2033 gelatine the Chopper (level 9, 0/96 (97) HPs)
             Began as a Demonspawn Gladiator on June 20, 2023.
             Succumbed to Dowan's poison
             ... on level 6 of the Dungeon on June 21, 2023.
             The game lasted 00:17:12 (5128 turns).

gelatine the Chopper (Demonspawn Gladiator)         Turns: 5128, Time: 00:17:13

HP:   0/96 (97)     AC: 24    Str: 18    XL:     9   Next: 3%
MP:   9/9           EV:  2    Int:  9    God:
Gold: 86            SH:  0    Dex: 18    Spells: 8/8 levels left

rFire   . . .        K - +2 broad axe (flame)
rCold   . . .        (no shield)
rNeg    . . .        t - melded +0 chain mail
rPois   +            c - melded +0 helmet
rElec   .            (cloak currently unavailable)
rCorr   +            (gloves currently unavailable)
SInv    .            (boots currently unavailable)
Will    .....        (no amulet)
Stlth   ++           s - ring of resist corrosion
HPRegen 0.36/turn    (no ring)
MPRegen 0.11/turn

%: no passive effects
@: mighty, lethally poisoned (0 -> -11), tree-form, lightly drained, invisible
A: stationary, stasis, torment immunity, boosted hp, (large bone plates 1),
demonic guardian 1, foul stench 2, (demonic touch 1), agile 1, mutation
resistance 1
a: no special abilities


You were on level 6 of the Dungeon.
You were a tree.
You visited 1 branch of the dungeon, and saw 6 of its levels.

You collected 284 gold pieces.
You spent 198 gold pieces at shops.

Inventory:

Hand Weapons
 K - a +2 broad axe of flaming (weapon)
Missiles
 d - 3 throwing nets
 e - a javelin
 f - 3 boomerangs (quivered)
 o - 6 curare-tipped darts
Armour
 b - a +0 leather armour
 c - a +0 helmet (melded)
 t - a +0 chain mail (melded)
 u - a +0 scale mail
 v - a +0 ring mail
 G - a +0 plate armour
Jewellery
 s - a ring of resist corrosion (left branch)
 x - a ring of ice
 D - the amulet "Lovuxudgh" {Faith -Cast *Slow rC+++ Stlth+}
   (You found it on level 4 of the Dungeon)

   [amulet of faith]

   It allows you to gain divine favour quickly.
   rC:        It renders you almost immune to cold.
   -Cast:     It prevents spellcasting.
   *Slow:     It may slow you when you take damage.
   Stlth:     It makes you more stealthy.
Wands
 r - a wand of flame (13)
Scrolls
 g - 2 scrolls of amnesia {unknown}
 i - a scroll of torment {unknown}
 j - 3 scrolls of enchant weapon
 k - a scroll of vulnerability {unknown}
 n - 2 scrolls of silence {unknown}
 p - a scroll of teleportation {unknown}
 q - 2 scrolls of fear {unknown}
 y - a scroll of noise {unknown}
 z - 2 scrolls of revelation {unknown}
 E - a scroll of poison {unknown}
 I - a scroll of blinking {unknown}
Potions
 h - 2 potions of haste
 A - 3 potions of brilliance
 B - a potion of attraction


   Skills:
 * Level 4.3 Fighting
 * Level 6.9 Axes
 * Level 4.4 Throwing
 * Level 4.2 Armour
 * Level 4.7 Dodging
 + Level 0.3 Stealth
 * Level 3.0 Shields


You had 8 spell levels left.
You didn't know any spells.
Your spell library contained the following spells:

 Spells                   Type           Power      Damage    Failure   Level
 Magic Dart               Conj           0%         1d3       38%         1
 Call Imp                 Summ           0%         N/A       52%         2
 Mephitic Cloud           Conj/Pois/Air  0%         N/A       77%         3
 Anguish                  Hex/Necr       0%         N/A       99%         4
 Cause Fear               Hex            0%         N/A       99%         4
 Enfeeble                 Hex            0%         N/A       100%        7


Dungeon Overview and Level Annotations

Branches:
Dungeon (6/15)
 Temple: D:4-7

Altars:
Fedhas
Nemelex Xobeh

Shops:
D:6 (


Innate Abilities, Weirdness & Mutations

You are a tree.
Your roots penetrate the ground, keeping you stationary.
You cannot be teleported.
You are immune to unholy pain and torment.
Your maximum health is greatly increased.
Your equipment is partially melded.
((You are partially covered in large bone plates. (SH +4)))
A weak demonic guardian rushes to your aid.
You sometimes emit foul miasma when damaged in melee.
((Your touch may inflict minor irresistible damage on your foes.))
You are agile. (Dex +4, Str/Int -1)
You are somewhat resistant to further mutation.


Message History

Dowan is severely wounded.
You feel very sick. Dowan barely misses you.
You barely miss Dowan.
Dowan is severely wounded.
You feel sick.
Dowan hits you with a +3 dagger of venom.
* * * LOW HITPOINT WARNING * * *
You are lethally poisoned!
You emit a cloud of foul miasma!
Dowan is engulfed in dark miasma.
Dowan is poisoned.
Dowan hits you with a +3 dagger of venom.
* * * LOW HITPOINT WARNING * * *
A demonic guardian appears!
You are more poisoned.
It was a potion of might.
You feel very mighty all of a sudden.
* * * LOW HITPOINT WARNING * * *
You feel very sick.
Dowan is engulfed in dark miasma.
Dowan looks even sicker.
Dowan casts a spell at you. The shard of ice misses you.
Dowan is engulfed in dark miasma.
Dowan looks even sicker.
You kill Dowan!
Really quaff the potion of mutation?
You feel extremely strange.
You feel agile.
You feel genetically stable.
* * * LOW HITPOINT WARNING * * *
You feel very sick.
You turn into a tree.
Your +0 helmet melds into your body.
Your +0 chain mail melds into your body.
Your roots penetrate the ground.
* * * LOW HITPOINT WARNING * * *
You feel very sick.
There is a lethal amount of poison in your body!
Okay, then.
As you read the scroll labelled VOILIUBACI, it crumbles to dust.
It is a scroll of enchant weapon.
Your +1 broad axe of flaming glows red for a moment.
You die...

... .. ....
..##. ....
....## ...o
....# ....
.... . ....
..# .# ..##..
##5##..##.
......
#)♣.......
.....
#....○........
......
#.....#.#.....
...... #.....
.# .... ......
#....> .. .#.
..###. #...#.
.#. # ....
###### ### ...
. . #.


You could see a friendly white imp (summoned).

Vanquished Creatures
  A steam dragon (D:6)
  An orc warrior (D:4)
  Duvessa (D:6)
  2 ice beasts (D:5)
  3 ogres (D:5)
  A centaur (D:6)
  A phantom (D:5)
  2 scorpions
  A wight (D:6)
  Dowan (D:6)
  2 howler monkeys (D:5)
  2 jellies
  4 hounds
  2 orc priests
  4 iguanas
  Jessica (D:2)
  Natasha (thrice) (D:2)
  2 sleepcaps
  3 orc wizards
  Robin (D:2)
  4 adders
  A white imp (D:6)
  An ufetubus (D:6)
  4 dart slugs
  15 orcs
  12 ball pythons
  12 endoplasms
  4 giant cockroaches
  10 hobgoblins
  A jackal (D:1)
  9 kobolds
  2 quokkas
  5 bats
  5 frilled lizards
  16 goblins
  6 rats
145 creatures vanquished.

Vanquished Creatures (collateral kills)
  An ogre (D:5)
  3 orcs
  An endoplasm (D:2)
  A quokka (D:5)
6 creatures vanquished.

Grand Total: 151 creatures vanquished

Notes
Turn   | Place    | Note
-------+----------+-------------------------------------------
     0 | D:1      | gelatine the Demonspawn Gladiator began the quest for the
                  | Orb.
     0 | D:1      | Reached XP level 1. HP: 16/16 MP: 1/1
   229 | D:1      | Reached skill level 3 in Axes
   229 | D:1      | Gained mutation: You are partially covered in large bone
                  | plates. (SH +4) [demonic ancestry]
   229 | D:1      | Reached XP level 2. HP: 18/22 MP: 2/2
   751 | D:2      | Noticed Robin
   753 | D:2      | Gained mutation: Your touch may inflict minor irresistible
                  | damage on your foes. [demonic ancestry]
   753 | D:2      | Reached XP level 3. HP: 27/27 MP: 3/3
   760 | D:2      | Killed Robin
  1014 | D:2      | Gained mutation: A weak demonic guardian rushes to your
                  | aid. [demonic ancestry]
  1014 | D:2      | Reached XP level 4. HP: 33/33 MP: 4/4
  1216 | D:2      | Noticed Natasha
  1223 | D:2      | Killed Natasha
  1294 | D:2      | Noticed Jessica
  1301 | D:2      | Killed Jessica
  1302 | D:2      | Reached skill level 1 in Armour
  1302 | D:2      | Gained mutation: You may rarely emit foul miasma when
                  | damaged in melee. [demonic ancestry]
  1302 | D:2      | Reached XP level 5. HP: 39/39 MP: 5/5
  1355 | D:2      | Noticed Natasha
  1364 | D:2      | Killed Natasha
  1423 | D:2      | Noticed Natasha
  1427 | D:2      | Killed Natasha
  1428 | D:2      | Reached skill level 4 in Axes
  1428 | D:2      | Reached skill level 1 in Shields
  1697 | D:3      | Reached XP level 6. HP: 7/46 MP: 6/6
  1998 | D:3      | Found a blossoming altar of Fedhas.
  2495 | D:4      | Identified the amulet "Lovuxudgh" {Faith -Cast *Slow rC+++
                  | Stlth+}
  2548 | D:4      | Reached skill level 5 in Axes
  2735 | D:4      | Noticed an orc warrior
  2758 | D:4      | Killed an orc warrior
  2759 | D:4      | Reached XP level 7. HP: 40/52 MP: 7/7
  3406 | D:5      | Entered Level 5 of the Dungeon
  3513 | D:5      | Reached XP level 8. HP: 35/59 MP: 8/8
  3521 | D:5      | Reached skill level 6 in Axes
  3987 | D:5      | Found a sparkling altar of Nemelex Xobeh.
  4568 | D:6      | Found Peleczy's Hydra Hut.
  4571 | D:6      | Noticed a five-headed hydra
  4771 | D:6      | Bought a +1 broad axe of flaming for 198 gold pieces
  5111 | D:6      | Noticed Duvessa
  5111 | D:6      | Noticed Dowan
  5116 | D:6      | Killed Duvessa
  5117 | D:6      | Gained mutation: You sometimes emit foul miasma when
                  | damaged in melee. [demonic ancestry]
  5117 | D:6      | Reached XP level 9. HP: 37/63 MP: 9/9
  5125 | D:6      | Killed Dowan
  5126 | D:6      | Gained mutation: You are agile. (Dex +4, Str/Int -1)
                  | [potion of mutation]
  5126 | D:6      | Gained mutation: You are somewhat resistant to further
                  | mutation. [potion of mutation]
  5127 | D:6      | HP: 3/96 [poisoned by Dowan]
  5128 | D:6      | Succumbed to Dowan's poison

Illustrated notes

Levels and vault maps discovered:
D:1:      minmay_arrival_jagged, layout_basic, minmay_pentomino_w4
D:2:      layout_basic, minmay_cut_off, uniq_robin, uniq_natasha, uniq_jessica
D:3:      layout_rooms, mainiacjoe_overflow_catwalk
D:4:      layout_loops_ring, due_unseen_surprise
D:5:      layout_basic, nemelex_xobeh_ov_fountains_minmay
D:6:      layout_cave_pools, minmay_temple_entry_enclosed_plants, serial_shops,
          shop, doesnt_shop_hydraphobe, uniq_duvessa, uniq_crazy_yiuf_cottage

Skill      XL: |  1  2  3  4  5  6  7  8 |
---------------+-------------------------+-----
Axes           | 3 4 5 6 |  6.9
Dodging        | 3 4 |  4.7
Throwing       | 2 3 4 |  4.4
Armour         | 1 2 3 4 |  4.2
Shields        | 1 2 3 |  3.0
Fighting       | 3 4 |  4.3
Stealth        | |  0.3

Action                     |  1- 3 |  4- 6 |  7- 9 || total
---------------------------+-------+-------+-------++-------
  Melee: War axe           |    74 |   130 |    95 ||   299
         Touch             |     5 |    26 |    27 ||    58
         Punch             |       |       |     3 ||     3
         Broad axe         |       |       |    26 ||    26
  Throw: Boomerang         |    23 |    25 |    38 ||    86
    Use: Scroll            |       |     2 |     4 ||     6
         Potion            |       |       |     7 ||     7
   Stab: Sleeping          |     1 |       |       ||     1
         Distracted        |       |       |     1 ||     1
 Armour: Leather armour    |    24 |    22 |       ||    46
         Ring mail         |       |    11 |    40 ||    51
         Chain mail        |       |       |     4 ||     4
  Dodge: Dodged            |    68 |    61 |    92 ||   221
  Block: Other             |    14 |    27 |    28 ||    69

Table legend: (Time is in decaauts)
 A = Elapsed time spent in this place.
 B = Non-inter-level travel time spent in this place.
 C = Inter-level travel time spent in this place.
 D = Time resting spent in this place.
 E = Time spent auto-exploring this place.
 F = Levels seen in this place.
 G = Mean time per level.
                   A        B        C        D        E       F      G
               +--------+--------+--------+--------+--------+-----+--------+
         Total |   5210 |   5031 |    179 |      0 |   3706 |   6 |  868.3 |
       Dungeon |   5210 |   5031 |    179 |      0 |   3706 |   6 |  868.3 |
               +--------+--------+--------+--------+--------+-----+--------+

Top non-repeatable levels by time:
     D:5: 1527 daAuts
     D:4: 1123 daAuts
     D:2: 852 daAuts
     D:1: 757 daAuts
     D:3: 751 daAuts
     D:6: 200 daAuts
